 Dungeon Crawl Stone Soup version 0.28-b1-1-g3c77fb2ed1 (webtiles) character file.

Game seed: 7595486662845329364

18844 styxcanada the Unseen (level 12, -6/60 HPs)
             Began as a Spriggan Brigand on Jan 28, 2022.
             Was an Initiate of Gozag.
             Mangled by a wolf spider simulacrum (21 damage)
             ... in a Gauntlet.
             The game lasted 01:11:35 (13614 turns).

styxcanada the Unseen (Spriggan Brigand)           Turns: 13614, Time: 01:11:37

Health: -6/60      AC:  9    Str: 17    XL:     12   Next: 31%
Magic:  20/20      EV: 28    Int: 15    God:    Gozag
Gold:   1468       SH: 10    Dex: 21    Spells: 13/21 levels left

rFire   . . .      SeeInvis +   w - +6 short sword (venom)
rCold   . . .      Faith    .   l - +2 buckler "Hoatrem" {Regen+ rCorr Str+4 Int+2}
rNeg    . . .      Spirit   .   b - +0 robe
rPois   .          Reflect  .   N - +4 hat of the Iron Devil {Slay+6}
rElec   .          Harm     .   c - +2 cloak
rCorr   +          Rampage  .   (gloves unavailable)
Will    ++...      NoTele   +   (boots unavailable)
Stlth   ++++++....              K - amulet of regeneration
HPRegen 1.80/turn               J - +6 ring of strength
MPRegen 0.17/turn               g - +4 ring of evasion

@: gold aura, very quick
A: very small, no large weapons, unfitting armour, see invisible, speed 3
a: Renounce Religion, Potion Petition, Call Merchant, Bribe Branch


You were in a Gauntlet.
You worshipped Gozag.
Gozag was most pleased with you.
You visited 3 branches of the dungeon, and saw 13 of its levels.
You also visited: Ossuary and Gauntlet.

You collected 1981 gold pieces.
You spent 439 gold pieces at shops.
You paid 74 gold pieces to Gozag.

Inventory:

Hand Weapons
 f - a +0 hunting sling
 w - a +6 short sword of venom (weapon)
 H - a +5 short sword
Missiles
 e - 4 silver boomerangs (quivered)
 p - 93 sling bullets
 M - 5 poisoned darts
Armour
 b - a +0 robe (worn)
 c - a +2 cloak (worn)
 l - the +2 buckler "Hoatrem" (worn) {Regen+ rCorr Str+4 Int+2}
   (You acquired it on level 4 of the Dungeon)

   Str:       It affects your strength (+4).
   Int:       It affects your intelligence (+2).
   Regen:     It increases your rate of health regeneration.
   rCorr:     It protects you from acid and corrosion.
 N - the +4 hat of the Iron Devil (worn) {Slay+6}
   (You acquired it on level 10 of the Dungeon)

   Slay:      It affects your accuracy & damage with ranged weapons and melee
   (+6).
Jewellery
 g - a +4 ring of evasion (right hand)
 J - a +6 ring of strength (left hand)
 K - an amulet of regeneration (around neck)
Wands
 r - a wand of flame (11)
 z - a wand of digging (5)
 B - a wand of mindburst (6)
 F - a wand of acid (2)
 G - a wand of iceblast (24)
 P - a wand of paralysis (6)
Scrolls
 m - 8 scrolls of teleportation
 s - 2 scrolls of fog
 v - a scroll of blinking
 L - 2 scrolls of identify
Potions
 a - a potion of magic
 d - 3 potions of brilliance
 h - a potion of resistance
 k - 11 potions of curing
 n - 5 potions of haste
 o - 4 potions of berserk rage
 t - 2 potions of might
 D - a potion of cancellation
 I - a potion of ambrosia
 O - 2 potions of heal wounds
Miscellaneous
 i - a phial of floods


   Skills:
 + Level 5.4 Fighting
 + Level 7.5 Short Blades
 + Level 5.6(6.5) Slings
 + Level 4.0(5.0) Throwing
 * Level 9.8 Dodging
 * Level 15.0 Stealth
 * Level 4.3 Shields
 * Level 5.1 Spellcasting
 * Level 3.1 Conjurations
 * Level 3.1 Summonings
 * Level 3.8 Air Magic
 * Level 3.7 Poison Magic
 * Level 8.6 Evocations


You had 13 spell levels left.
You knew the following spells:

 Your Spells              Type           Power      Damage    Failure   Level
a - Magic Dart            Conj           52%        1d5       9%          1
b - Call Imp              Summ           13%        N/A       13%         2
c - Mephitic Cloud        Conj/Pois/Air  14%        N/A       22%         3
d - Poisonous Vapours     Pois/Air       30%        N/A       10%         2

Your spell library contained the following spells:

 Spells                   Type           Power      Damage    Failure   Level
 Sting                    Tmut/Pois      36%        1d4       14%         1
 Animate Skeleton         Necr           6%         N/A       30%         1
 Pain                     Necr           12%        1d4       30%         1
 Olgreb's Toxic Radiance  Pois           15%        N/A       54%         4
 Vampiric Draining        Necr           3%         2d6       67%         3
 Animate Dead             Necr           1%         N/A       97%         4
 Borgnjor's Vile Clutch   Necr/Erth      1%         N/A       100%        5
 Death Channel            Necr           1%         N/A       100%        6


Dungeon Overview and Level Annotations

Branches:
Dungeon (11/15)            Temple (1/1) D:6            Lair (1/6) D:11
Ossuary (visited)         Gauntlet (1/1)
    Orc: D:9-12

Altars:
Cheibriados
Elyvilon
Fedhas
Gozag
Hepliaklqana
Kikubaaqudgha
Makhleb
Nemelex Xobeh
Okawaru
Qazlal
Ru
Sif Muna
Trog
Uskayaw
Vehumet
Wu Jian
Xom
Yredelemnul
Zin

Shops:
D:5 !   D:6 [!   D:8 :

Portals:
Trove: D:11 (give 3 potions of resistance)

Annotations:
Gauntlet 7 transporters


Innate Abilities, Weirdness & Mutations

You are very small and have problems with some larger weapons.
You are too small for most types of armour.
You have supernaturally acute eyesight. (SInv)
You cover ground extremely quickly. (Speed+++)


Message History

You hit the harpy simulacrum.
The harpy simulacrum is almost destroyed.
The harpy simulacrum claws you but does no damage.
The harpy simulacrum claws you! The harpy simulacrum freezes you!
You block the harpy simulacrum's attack. x2
You puncture the harpy simulacrum!
The harpy simulacrum vaporises!
You puncture the wolf spider simulacrum!
The wolf spider simulacrum is heavily damaged.
The wolf spider simulacrum is distracted by your dazzling golden aura.
You catch the helpless wolf spider simulacrum completely off-guard!
You perforate the wolf spider simulacrum like a sieve!!!
The wolf spider simulacrum vaporises!
You block the harpy simulacrum's attack.
The harpy simulacrum misses you.
You hit the harpy simulacrum.
The harpy simulacrum is lightly damaged.
The harpy simulacrum misses you.
The harpy simulacrum completely misses you.
The harpy simulacrum misses you.
The harpy simulacrum claws you but does no damage.
You hit the harpy simulacrum.
The harpy simulacrum is moderately damaged.
The harpy simulacrum claws you! The harpy simulacrum freezes you!
* * * LOW HITPOINT WARNING * * *
The harpy simulacrum barely misses you.
The harpy simulacrum is distracted by your dazzling golden aura.
You catch the helpless harpy simulacrum completely off-guard!
You spit the harpy simulacrum like a pig!!!
The harpy simulacrum vaporises!
The death scarab is distracted by your dazzling golden aura.
You puncture the wolf spider simulacrum!
The wolf spider simulacrum is moderately damaged.
The wolf spider simulacrum completely misses you.
You block the wolf spider simulacrum's attack.
The wolf spider simulacrum hits you.
* * * LOW HITPOINT WARNING * * *
The wolf spider simulacrum freezes you!!
You die...
Your body crumbles into a pile of gold.

##.#.##..#B#.##
##≈.#B......#.≈##
#≈≈.#########.≈≈#
##≈.#8..©#....≈##
##.#©...#.8..##
##≈.#8..©#....≈##
#≈≈.#########.≈≈#
##≈.#.?"©.###.≈##
##.#@###.###.##
##≈.#Z##.^#.#.≈##
#≈≈.#...©...#.≈≈#
##≈.#.#^Z##.#.≈## ##
##.###.###.#.##
##≈###..###...Z.#.≈##
#≈≈≈#...#########.≈≈#
#...#...#8..©#....≈##
....#.8.#©...#.8..##


You could see a death scarab and a wolf spider simulacrum.

Vanquished Creatures
  Gastronok (D:11)
  Josephine (D:11)
  Erolcha (D:9)
  A boulder beetle (D:11)
  3 two-headed ogres
  An oklob plant (D:11)
  An ugly thing (D:7)
  A moth of wrath (Gauntlet)
  Maurice (D:9)
  A gargoyle (D:11)
  A smoke demon (Gauntlet)
  An unseen horror (D:10)
  A komodo dragon (D:11)
  A guardian mummy (D:11)
  A wolf spider simulacrum (Gauntlet)
  3 trolls
  2 hornets
  Grinder (D:5)
  4 shadows
  A centaur simulacrum (Gauntlet)
  6 wraiths
  15 yaks
  2 harpy simulacra (Gauntlet)
  A water moccasin (Lair:1)
  2 black bears
  2 sky beasts
  A hornet zombie (D:8)
  2 ogres
  3 orc warriors
  6 ice beasts
  2 centaurs
  6 wolves (Gauntlet)
  2 elf zombies (Ossuary)
  A phantom (D:6)
  5 bullfrogs
  A scorpion (D:5)
  6 killer bees (D:9)
  11 wights
  4 crimson imps (Gauntlet)
  7 centaur zombies
  A jelly (D:4)
  3 centaur skeletons
  A gnoll shaman (D:6)
  5 hounds
  9 orc priests
  A bullfrog skeleton (D:7)
  Crazy Yiuf (D:3)
  Natasha (thrice) (D:2)
  7 orc wizards
  Terence (D:2)
  2 iguanas
  2 mummies (Ossuary)
  A howler monkey zombie (D:8)
  7 gnolls (D:6)
  7 adders
  A howler monkey skeleton (D:4)
  A shadow imp (D:7)
  An ufetubus (D:5)
  3 adder zombies (Ossuary)
  3 worms
  2 dart slugs
  22 orcs
  4 bats
  7 endoplasms
  2 giant cockroaches (D:3)
  2 hobgoblins (D:4)
  4 quokkas
  11 ball pythons
  A frilled lizard (D:1)
  3 goblins
  A goblin zombie (Ossuary)
  6 hobgoblin zombies (Ossuary)
  7 kobolds
  15 kobold zombies (Ossuary)
  4 orc zombies (Ossuary)
  3 rats
  2 rat zombies (Ossuary)
269 creatures vanquished.

Vanquished Creatures (others)
  6 plants (D:11)
6 creatures vanquished.

Grand Total: 275 creatures vanquished

Notes
Turn   | Place    | Note
-------+----------+-------------------------------------------
     0 | D:1      | styxcanada the Spriggan Brigand began the quest for the
                  | Orb.
     0 | D:1      | Reached XP level 1. HP: 10/10 MP: 2/2
   119 | D:1      | Reached skill level 6 in Stealth
   219 | D:1      | Found a faded altar of an unknown god.
   303 | D:1      | Reached XP level 2. HP: 14/15 MP: 3/3
   769 | D:2      | Noticed Natasha
   776 | D:2      | Killed Natasha
   777 | D:2      | Reached skill level 7 in Stealth
   777 | D:2      | Reached XP level 3. HP: 18/18 MP: 4/4
   983 | D:2      | Noticed Terence
  1035 | D:2      | Killed Terence
  1036 | D:2      | Reached XP level 4. HP: 23/23 MP: 5/5
  1146 | D:2      | Noticed Natasha
  1166 | D:2      | Killed Natasha
  1738 | D:2      | Noticed Natasha
  1762 | D:2      | Killed Natasha
  1763 | D:2      | Reached skill level 8 in Stealth
  2268 | D:3      | Reached XP level 5. HP: 26/26 MP: 6/6
  2564 | D:3      | Noticed an ice beast
  2648 | D:3      | Killed an ice beast
  2649 | D:3      | Reached skill level 9 in Stealth
  2649 | D:3      | Reached XP level 6. HP: 16/32 MP: 5/7
  2980 | D:3      | Found a runed translucent door.
  2981 | D:3      | Noticed Crazy Yiuf
  2988 | D:3      | Killed Crazy Yiuf
  3635 | D:4      | Identified a scroll of acquirement
  3635 | D:4      | Acquired the +2 buckler "Hoatrem" {Regen+ rCorr Str+4
                  | Int+2}
  3727 | D:4      | Found a sand-covered staircase.
  3737 | Ossuary  | Entered an ossuary
  4113 | Ossuary  | Reached skill level 1 in Evocations
  4114 | Ossuary  | Reached skill level 1 in Slings
  4419 | Ossuary  | Reached XP level 7. HP: 35/35 MP: 6/8
  4778 | D:4      | Reached skill level 10 in Stealth
  4831 | D:4      | Noticed a two-headed ogre
  4834 | D:4      | Killed a two-headed ogre
  4835 | D:4      | Reached skill level 5 in Dodging
  4835 | D:4      | Reached XP level 8. HP: 42/42 MP: 9/9
  4838 | D:4      | Reached skill level 11 in Stealth
  5033 | D:4      | You fall into a shaft and drop 2 floors!
  5045 | D:6      | Noticed a hornet
  5052 | D:6      | Killed a hornet
  5053 | D:6      | Reached skill level 1 in Shields
  5077 | D:5      | Entered Level 5 of the Dungeon
  5386 | D:5      | Reached XP level 9. HP: 45/45 MP: 10/10
  5412 | D:5      | Reached skill level 12 in Stealth
  5422 | D:5      | Found Gaetabec's Distillery.
  5538 | D:5      | Noticed Grinder
  5552 | D:5      | Paralysed by Grinder for 4 turns
  5561 | D:5      | Killed Grinder
  5562 | D:5      | Reached skill level 5 in Short Blades
  5562 | D:5      | Reached skill level 5 in Evocations
  6011 | D:6      | Found a staircase to the Ecumenical Temple.
  6034 | Temple   | Entered the Ecumenical Temple
  6165 | Temple   | Became a worshipper of Gozag Ym Sagoz the Greedy
  6385 | D:6      | Reached skill level 13 in Stealth
  6607 | D:6      | Found Sunaur's Distillery.
  6610 | D:6      | Bought 3 potions of curing for 99 gold pieces
  6610 | D:6      | Bought a potion of invisibility for 88 gold pieces
  6654 | D:6      | Found Daehon's Armour Emporium.
  7911 | D:7      | Noticed a purple ugly thing
  7914 | D:7      | Killed a purple ugly thing
  7915 | D:7      | Reached XP level 10. HP: 51/51 MP: 11/11
  8493 | D:8      | Found Lale's Book Shop.
  8498 | D:8      | Bought a book of Minor Magic for 252 gold pieces
  8500 | D:8      | Learned a level 1 spell: Magic Dart
  8503 | D:8      | Learned a level 2 spell: Call Imp
  8507 | D:8      | Learned a level 3 spell: Mephitic Cloud
  9176 | D:8      | Noticed a two-headed ogre
  9225 | D:8      | Killed a two-headed ogre
  9226 | D:8      | Reached skill level 5 in Slings
  9226 | D:8      | Reached skill level 1 in Spellcasting
  9388 | D:8      | Reached skill level 1 in Poison Magic
  9733 | D:8      | Reached skill level 1 in Conjurations
  9743 | D:8      | Reached skill level 1 in Air Magic
  9955 | D:9      | Found a white marble altar of Elyvilon.
  9982 | D:9      | Noticed Erolcha
  9985 | D:9      | Killed Erolcha
  9986 | D:9      | Reached skill level 5 in Fighting
  9986 | D:9      | Reached skill level 14 in Stealth
  9986 | D:9      | Reached skill level 1 in Summonings
 10285 | D:9      | Found Ygeew's Assorted Antiques.
 10338 | D:9      | Noticed Maurice
 10367 | D:9      | Killed Maurice
 10584 | D:9      | Reached XP level 11. HP: 51/55 MP: 14/16
 10817 | D:10     | Entered Level 10 of the Dungeon
 11435 | D:10     | Acquired the +4 hat of the Iron Devil {Slay+6}
 11691 | D:11     | Noticed Gastronok
 11805 | D:11     | Killed Gastronok
 11955 | D:11     | Noticed Josephine
 11957 | D:11     | Noticed an oklob plant
 12004 | D:11     | Killed Josephine
 12162 | D:11     | Noticed a two-headed ogre
 12177 | D:11     | Killed a two-headed ogre
 12211 | D:11     | Found a staircase to the Lair.
 12220 | D:11     | Killed an oklob plant
 12461 | D:11     | Learned a level 2 spell: Poisonous Vapours
 12471 | D:11     | Noticed a boulder beetle
 12489 | D:11     | Killed a boulder beetle
 12633 | D:11     | Found a portal to a secret trove of treasure.
 12656 | D:11     | Reached XP level 12. HP: 28/60 MP: 19/19
 13053 | Lair:1   | Entered Level 1 of the Lair of Beasts
 13300 | Lair:1   | Found a gate leading to a gauntlet.
 13307 | Gauntlet | Entered a Gauntlet
 13307 | Gauntlet | Found a transporter.
 13317 | Gauntlet | Found a transporter.
 13319 | Gauntlet | Found a transporter.
 13320 | Gauntlet | Found a transporter.
 13326 | Gauntlet | Found a runed translucent gate.
 13328 | Gauntlet | Found a transporter.
 13329 | Gauntlet | Found a runed translucent gate.
 13330 | Gauntlet | Found a runed translucent gate.
 13331 | Gauntlet | Found a transporter.
 13332 | Gauntlet | Found a transporter.
 13340 | Gauntlet | Found a transporter.
 13343 | Gauntlet | Found a transporter.
 13344 | Gauntlet | Found a transporter.
 13355 | Gauntlet | Found a transporter.
 13356 | Gauntlet | Found a transporter.
 13357 | Gauntlet | Found a transporter.
 13361 | Gauntlet | Noticed a death scarab
 13363 | Gauntlet | Noticed a death scarab
 13364 | Gauntlet | Found a transporter.
 13571 | Gauntlet | Reached skill level 5 in Spellcasting
 13601 | Gauntlet | Reached skill level 15 in Stealth
 13614 | Gauntlet | Mangled by a wolf spider simulacrum

Illustrated notes

Levels and vault maps discovered:
D:1:      minmay_arrival_semitransparent, layout_loops_ring,
          shapermc_ecumenical_altar_pompeii
D:2:      layout_basic, uniq_natasha, uniq_terence
D:3:      layout_basic, uniq_crazy_yiuf_cottage
D:4:      cheibrodos_barr_body, layout_basic, nicolae_ossuary_entry_monument
D:5:      layout_loops_ring, serial_shops, nicolae_shop_advertising_works
          [nicolae_subvault_shop_adworks], uniq_grinder
D:6:      layout_loops_cross, minmay_temple_entry_ruins, serial_shops,
          kennysheep_mini, shop
D:7:      layout_rooms
D:8:      layout_loops_cross, serial_shops, nicolae_shop_hallway_plus,
          minmay_orc_keep
D:9:      layout_roguey, mainiacjoe_overflow_catwalk, serial_shops, shop,
          uniq_erolcha, uniq_maurice
D:10:     layout_basic
D:11:     layout_cave_pods, dpeg_oklobed_lair, nicolae_trove_entry_path_of_doom,
          uniq_gastronok, uniq_josephine
Temple:   mainiacjoe_temple_circle_huts
Lair:1:   layout_roguey, gauntlet_entry_generic, chequers_serial_rivers_micro_a
Gauntlet: gammafunk_gauntlet_77_escape_option
          [minmay_gauntlet_arena_77_tiled_triplets,
          minmay_gauntlet_arena_77_run_for_it, minmay_gauntlet_arena_77_braids,
          minmay_gauntlet_arena_77_p_blocks,
          minmay_gauntlet_arena_77_block_sizes, gauntlet_exit_green]

Skill      XL: |  1  2  3  4  5  6  7  8  9 10 11 12 |
---------------+-------------------------------------+-----
Stealth        | 6 7 8 9 10 11 13 14 15 | 15.0
Dodging        | 2 3 5 7 8 9 |  9.8
Fighting       | 2 3 4 5 |  5.4
Short Blades   | 3 4 5 6 7 |  7.5
Evocations     | 1 3 4 6 7 8 |  8.6
Slings         | 2 3 4 5 |  5.6
Shields        | 1 2 3 4 |  4.3
Throwing       | 3 4 |  4.0
Spellcasting   | 2 4 5 |  5.1
Poison Magic   | 2 3 |  3.7
Conjurations   | 1 2 3 |  3.1
Air Magic      | 2 3 |  3.8
Summonings     | 1 2 3 |  3.1

Action                   |  1- 3 |  4- 6 |  7- 9 | 10-12 || total
-------------------------+-------+-------+-------+-------++-------
Melee: Dagger            |    39 |       |       |       ||    39
       Punch             |     1 |     1 |       |       ||     2
       Short sword       |       |   125 |   281 |   484 ||   890
 Fire: Hunting sling     |     5 |    99 |    37 |    95 ||   236
Throw: Dart              |     6 |    33 |    26 |    13 ||    78
       Boomerang         |       |       |    16 |    21 ||    37
Evoke: Wand              |       |     2 |    16 |    31 ||    49
  Use: Potion            |       |     2 |     1 |     2 ||     5
       Scroll            |       |    10 |     2 |    13 ||    25
 Stab: Sleeping          |    12 |    17 |    27 |    10 ||    66
       Distracted        |       |       |     2 |     6 ||     8
Armor: Robe              |     3 |    27 |    24 |    37 ||    91
Dodge: Dodged            |    31 |   105 |   160 |   297 ||   593
Block: Buckler           |       |    20 |   101 |   207 ||   328
